 Dungeon Crawl Stone Soup version 0.31-a0-216-g22e908daa7 (webtiles) character file.

Game seed: 17253621940960002148

1584 qw the Shield-Bearer (level 8, -7/49 HPs)
             Began as a Gargoyle Fighter on July 2, 2023.
             Engulfed by a cloud of steam (8 damage)
             ... on level 6 of the Dungeon.
             The game lasted 00:02:00 (4450 turns).

qw the Shield-Bearer (Gargoyle Fighter)             Turns: 4450, Time: 00:02:01

Health: -7/49      AC: 13    Str: 28    XL:     8   Next: 92%
Magic:  8/8        EV:  6    Int:  9    God:
Gold:   287        SH:  9    Dex:  9    Spells: 7/7 levels left

rFire   . . .        Y - +1 war axe (freeze)
rCold   . . .        r - +0 kite shield
rNeg    + . .        i - +0 plate armour
rPois   inf          (no helmet)
rElec   +            (no cloak)
rCorr   .            (no gloves)
SInv    .            (no boots)
Will    .....        (no amulet) Stlth
                     e - +6 ring of strength
HPRegen 0.28/turn    (no ring)
MPRegen 0.11/turn

%: no passive effects
@: about to teleport, corroded
A: sickness immunity, AC +5, negative energy resistance 1, electricity
resistance, torment resistance 1, petrification resistance
a: no special abilities


You were on level 6 of the Dungeon.
You visited 1 branch of the dungeon, and saw 6 of its levels.
You also visited: Ossuary.

You collected 287 gold pieces.


Innate Abilities, Weirdness & Mutations

You are immune to sickness and miasma.
Your stone body is resilient. (AC +5)
You are immune to poison.
You resist negative energy. (rN+)
You are resistant to electric shocks. (rElec)
You are resistant to unholy torment.
You are immune to petrification.


   Skills:
 - Level 5.1 Fighting
 - Level 7.0 Axes
 - Level 2.4 Throwing
 + Level 3.2 Armour
 - Level 1.6 Dodging
 - Level 7.2 Shields


You had 7 spell levels left.
You didn't know any spells.
Your spell library was empty.

Inventory:

Hand Weapons
 o - a +0 morningstar
 Y - a +1 war axe of freezing (weapon)
Missiles
 m - a boomerang (quivered)
Armour
 f - a +0 helmet
 i - a +0 plate armour (worn)
 p - a +1 pair of boots
 r - a +0 kite shield (worn)
Jewellery
 e - a +6 ring of strength (left hand)
Scrolls
 g - 4 scrolls of identify
 l - 3 scrolls of teleportation
Potions
 a - a potion of attraction
 d - 4 potions of might
 j - 2 potions of magic
 k - a potion of enlightenment
 n - a potion of haste

Dungeon Overview and Level Annotations

Branches:
Dungeon (6/15)            Ossuary (visited)
 Temple: D:4-7

Altars:
Makhleb
Sif Muna


Message History

The jelly jiggles.
The steam dragon breathes steam at you. The ball of steam hits you!
You closely miss the steam dragon.
The steam dragon is heavily wounded.
You hit the jelly. You freeze the jelly.
Your hands burn!
You are engulfed in a cloud of scalding steam.
The jelly barely misses you.
The steam dragon bites you but does no damage.
The steam dragon closely misses you. The jelly hits you. The acid corrodes you!
You are splashed with acid!
The steam dragon bites you! The steam dragon claws you.
You barely miss the steam dragon.
The steam dragon is heavily wounded.
You barely miss the jelly.
You are engulfed in a cloud of scalding steam.
You block the jelly's attack. The steam dragon bites you.
The steam dragon barely misses you.
You hit the steam dragon. You freeze the steam dragon.
The steam dragon is severely wounded.
You slash the jelly! You freeze the jelly.
You kill the jelly!
You are engulfed in a cloud of scalding steam.
The steam dragon breathes steam at you. The ball of steam hits you!
4448 ||| READING 4 scrolls of teleportation.
As you read the scroll of teleportation, it crumbles to dust.
You feel strangely unstable.
You are engulfed in a cloud of scalding steam.
The steam dragon breathes steam at you. The ball of steam hits you.
You slash the steam dragon! You freeze the steam dragon.
You kill the steam dragon!
Your Throwing skill gained 2 levels and is now at level 2!
Enter note:
Enter note:
Enter note: Really walk into that cloud of steam?
You are engulfed in a cloud of scalding steam.
You die...

#####
......##############
......%.@¤¤¤.......#
......)###########.#
....... #.# .......
#.# ######. #.# ..
#.#
##################
#.#
#............(.%.#
#.#
################.#
#.#


There were no monsters in sight!

Vanquished Creatures
  Prince Ribbit (D:5)
  A steam dragon (D:6)
  Menkaure (D:5)
  Edmund (D:6)
  An orc warrior (D:6)
  An ogre (D:6)
  2 centaurs (D:6)
  Blork the orc (D:5)
  3 scorpions
  2 hounds
  A human zombie (Ossuary)
  A jelly (D:6)
  3 iguanas
  An orc wizard (D:6)
  4 mummies (Ossuary)
  7 adders
  2 white imps
  A worm (D:5)
  3 dart slugs
  6 orcs
  3 ball pythons
  2 endoplasms
  6 giant cockroaches
  3 gnoll zombies (Ossuary)
  9 hobgoblins
  6 jackals
  6 quokkas
  3 bats
  2 frilled lizards
  9 goblins
  A goblin zombie (Ossuary)
  2 hobgoblin zombies (Ossuary)
  2 jackal zombies (Ossuary)
  2 kobolds
  A kobold zombie (Ossuary)
  2 rats
  2 rat zombies (Ossuary)
104 creatures vanquished.

Notes
Turn   | Place    | Note
-------+----------+-------------------------------------------
     0 | D:1      | qw the Gargoyle Fighter began the quest for the Orb.
     0 | D:1      | Reached XP level 1. HP: 14/14 MP: 1/1
     0 | D:1      | 0 ||| qw: Version: 0.3-a-39-g4513739
     0 | D:1      | 0 ||| qw: Game counter: 7906
     0 | D:1      | 0 ||| qw: Melee chars always use a shield: true
     0 | D:1      | 0 ||| qw: God list: Okawaru
     0 | D:1      | 0 ||| qw: Allow faded altars: false
     0 | D:1      | 0 ||| qw: Do Orc after clearing Dungeon:15 true
     0 | D:1      | 0 ||| qw: Do second Lair branch before Depths: true
     0 | D:1      | 0 ||| qw: Lair rune preference: random
     0 | D:1      | 0 ||| qw: Goals: Normal, Zot:1-4, Slime:5, God:TSO, Crypt,
                  | Tomb, Abyss, Pan, Hells, Win
     0 | D:1      | 0 ||| PLANNING D:1-11
    88 | D:1      | 88 ||| UPGRADING to +0 chain mail.
    99 | D:1      | 99 ||| DROPPING +0 scale mail.
   182 | D:1      | Found a faded altar of an unknown god.
   258 | D:1      | Reached XP level 2. HP: 19/19 MP: 2/2
   562 | D:1      | 562 ||| READING scroll labelled POIH SUKUMP.
   567 | D:1      | 567 ||| READING 2 scrolls labelled AGEUSE LAKELLI.
   615 | D:2      | 615 ||| Stepping ~*~*~tactically~*~*~ (hiding).
   648 | D:2      | Reached skill level 3 in Axes
   660 | D:2      | Reached XP level 3. HP: 22/23 MP: 3/3
   830 | D:2      | 830 ||| Stepping ~*~*~tactically~*~*~ (stealth).
   868 | D:2      | 868 ||| Stepping ~*~*~tactically~*~*~ (stealth).
  1176 | D:2      | Reached XP level 4. HP: 28/28 MP: 4/4
  1217 | D:2      | 1217 ||| READING scroll labelled ASIPTAU GI JOF.
  1238 | D:2      | 1238 ||| READING scroll labelled QITWADIBBO.
  1239 | D:2      | 1239 ||| READING scroll labelled SOULOR JENLU.
  1240 | D:2      | 1240 ||| DRINKING 2 amethyst potions.
  1241 | D:2      | 1241 ||| DRINKING 2 viscous brown potions.
  1242 | D:2      | 1242 ||| DROPPING potion of degeneration.
  1321 | D:3      | You fall into a shaft and drop 1 floor!
  1393 | D:4      | 1393 ||| READING scroll labelled NUREDIDOLI.
  1690 | D:3      | 1690 ||| Stepping ~*~*~tactically~*~*~ (hiding).
  1691 | D:3      | 1691 ||| Stepping ~*~*~tactically~*~*~ (hiding).
  1984 | D:3      | 1984 ||| UPGRADING to +0 plate armour.
  1994 | D:3      | 1994 ||| DROPPING +0 chain mail.
  1995 | D:3      | 1995 ||| READING 2 scrolls of identify.
  1995 | D:3      | 1995 ||| IDENTIFYING silvery potion
  2004 | D:4      | Reached XP level 5. HP: 32/32 MP: 5/5
  2100 | D:4      | Found a burning altar of Makhleb.
  2100 | D:4      | Found a shimmering blue altar of Sif Muna.
  2142 | D:4      | 2142 ||| Stepping ~*~*~tactically~*~*~ (stealth).
  2143 | D:4      | 2143 ||| Stepping ~*~*~tactically~*~*~ (stealth).
  2537 | D:4      | 2537 ||| DROPPING orb of light.
  2538 | D:4      | 2538 ||| DROPPING orb of energy.
  2539 | D:4      | 2539 ||| UPGRADING to +0 kite shield.
  2549 | D:4      | 2549 ||| DROPPING +0 buckler.
  2550 | D:4      | 2550 ||| UPGRADING to +6 ring of strength.
  2551 | D:4      | 2551 ||| READING scroll labelled PIFFYA YQARUTI.
  2552 | D:4      | 2552 ||| DRINKING 2 grey potions.
  2553 | D:4      | 2553 ||| READING 3 scrolls of identify.
  2553 | D:4      | 2553 ||| IDENTIFYING white potion
  2554 | D:4      | 2554 ||| READING 2 scrolls of identify.
  2554 | D:4      | 2554 ||| IDENTIFYING red potion
  2561 | D:5      | Entered Level 5 of the Dungeon
  2562 | D:5      | 2562 ||| PLANNING OSSUARY
  2592 | D:5      | Noticed Menkaure
  2598 | D:5      | Killed Menkaure
  2599 | D:5      | Reached XP level 6. HP: 38/38 MP: 6/6
  2890 | D:5      | Identified the +4 dagger of Gozag's Brutal Revenge {freeze,
                  | Fragile rC+++ rCorr Int+3}
  3060 | D:5      | Found a sand-covered staircase.
  3065 | Ossuary  | Entered an ossuary
  3150 | Ossuary  | 3150 ||| DROPPING +0 mace.
  3211 | Ossuary  | Reached XP level 7. HP: 43/43 MP: 7/7
  3281 | Ossuary  | 3281 ||| READING 2 scrolls labelled HIES GUEMUM.
  3282 | Ossuary  | 3282 ||| READING 2 scrolls labelled FYKUIPPOITOT.
  3283 | Ossuary  | 3283 ||| READING scroll labelled DOYLEASTEXU.
  3284 | Ossuary  | 3284 ||| DRINKING 2 yellow potions.
  3285 | Ossuary  | 3285 ||| DRINKING 2 coppery potions.
  3286 | Ossuary  | 3286 ||| DRINKING potion of curing.
  3286 | Ossuary  | 3286 ||| (to cure confusion)
  3287 | Ossuary  | 3287 ||| READING 2 scrolls of identify.
  3287 | Ossuary  | 3287 ||| IDENTIFYING metallic white potion
  3288 | Ossuary  | 3288 ||| DROPPING scroll of poison.
  3289 | Ossuary  | 3289 ||| DROPPING potion of brilliance.
  3290 | Ossuary  | 3290 ||| DROPPING scroll of summoning.
  3291 | Ossuary  | 3291 ||| DROPPING potion of ambrosia.
  3307 | D:5      | 3307 ||| PLANNING D:1-11
  3481 | D:5      | Noticed Blork the orc
  3486 | D:5      | Killed Blork the orc
  3650 | D:5      | Noticed Prince Ribbit
  3661 | D:5      | Killed Prince Ribbit
  3662 | D:5      | Reached skill level 6 in Axes
  3888 | D:5      | 3888 ||| READING scroll labelled ZUEMOI HIUR.
  3889 | D:5      | 3889 ||| READING 4 scrolls of identify.
  3889 | D:5      | 3889 ||| IDENTIFYING fuming white potion
  3890 | D:5      | 3890 ||| DROPPING potion of invisibility.
  3912 | D:5      | Reached XP level 8. HP: 48/48 MP: 8/8
  3928 | D:6      | Noticed Edmund
  3944 | D:6      | Killed Edmund
  3945 | D:6      | Reached skill level 6 in Shields
  3978 | D:6      | Reached skill level 1 in Dodging
  4171 | D:6      | 4171 ||| FLEEEEING.
  4172 | D:6      | 4172 ||| FLEEEEING.
  4173 | D:6      | 4173 ||| FLEEEEING.
  4174 | D:6      | 4174 ||| FLEEEEING.
  4175 | D:6      | 4175 ||| FLEEEEING.
  4176 | D:6      | 4176 ||| FLEEEEING.
  4177 | D:6      | 4177 ||| FLEEEEING.
  4178 | D:6      | 4178 ||| FLEEEEING.
  4179 | D:6      | 4179 ||| FLEEEEING.
  4180 | D:6      | 4180 ||| FLEEEEING.
  4185 | D:6      | 4185 ||| FLEEEEING.
  4186 | D:6      | 4186 ||| FLEEEEING.
  4187 | D:6      | 4187 ||| FLEEEEING.
  4188 | D:6      | 4188 ||| FLEEEEING.
  4189 | D:6      | 4189 ||| FLEEEEING.
  4190 | D:6      | 4190 ||| FLEEEEING.
  4191 | D:6      | 4191 ||| FLEEEEING.
  4192 | D:6      | 4192 ||| FLEEEEING.
  4193 | D:6      | 4193 ||| FLEEEEING.
  4194 | D:6      | 4194 ||| FLEEEEING.
  4195 | D:6      | 4195 ||| FLEEEEING.
  4196 | D:6      | 4196 ||| FLEEEEING.
  4214 | D:6      | HP: 12/48 [orc warrior/+0 long sword (3)]
  4215 | D:6      | 4215 ||| READING 5 scrolls of teleportation.
  4216 | D:6      | 4216 ||| DRINKING potion of heal wounds.
  4447 | D:6      | HP: 6/49 [steam dragon/ball of steam (12)]
  4448 | D:6      | 4448 ||| READING 4 scrolls of teleportation.
  4448 | D:6      | HP: 1/49 [steam dragon/ball of steam (5)]
  4450 | D:6      | Engulfed by a cloud of steam

Levels and vault maps discovered:
D:1:      minmay_arrival_hallway, layout_basic,
          shapermc_ecumenical_altar_notcrosses, nicolae_the_louvre
D:2:      layout_loops_ring
D:3:      layout_rooms, serial_park_tiny_1, grunt_ministairs_5
D:4:      layout_loops_cross, jmf_multi_god_temple
D:5:      layout_basic, nicolae_ossuary_entry_false_entrances, uniq_menkaure,
          uniq_blork_the_orc, uniq_prince_ribbit1
D:6:      layout_basic, minmay_temple_entry_enclosed_plants,
          lexackson_kobold_supper, uniq_edmund

Skill      XL: |  1  2  3  4  5  6  7  8 |
---------------+-------------------------+-----
Axes           | 2 3 4 5 6 7 |  7.0
Shields        | 4 5 7 |  7.2
Fighting       | 4 5 |  5.1
Dodging        | 1 |  1.6
Throwing       | 2 |  2.4
Armour         | |  3.2

Action                     |  1- 3 |  4- 6 |  7- 9 || total
---------------------------+-------+-------+-------++-------
  Melee: War axe           |    94 |   126 |    80 ||   300
  Throw: Boomerang         |       |    49 |    22 ||    71
    Use: Scroll            |     2 |     8 |     8 ||    18
         Potion            |       |     3 |     4 ||     7
 Armour: Chain mail        |    59 |    13 |       ||    72
         Scale mail        |     8 |       |       ||     8
         Plate armour      |       |    63 |    66 ||   129
  Dodge: Dodged            |    40 |    24 |    18 ||    82
  Block: Buckler           |    26 |     6 |       ||    32
         Kite shield       |       |    21 |    46 ||    67

Table legend:
 A = Non-vault XP
 B = Vault XP
 C = Vault XP percentage of total XP
 D = Non-vault monster count
 E = Vault monster count
 F = Vault count percentage of total count
                 A         B        C        D         E       F
            +---------+---------+-------+---------+---------+-------
      Total |    1401 |     863 |  38.1 |      79 |      25 |  24.0
            +---------+---------+-------+---------+---------+-------
        D:1 |      23 |       0 |   0.0 |      13 |       0 |   0.0
        D:2 |      60 |       0 |   0.0 |      20 |       0 |   0.0
        D:3 |      63 |       5 |   7.4 |      11 |       2 |  15.4
        D:4 |     133 |      16 |  10.7 |      15 |       2 |  11.8
        D:5 |     244 |     545 |  69.1 |       8 |       3 |  27.3
        D:6 |     878 |     171 |  16.3 |      12 |       2 |  14.3
    Ossuary |       0 |     126 | 100.0 |       0 |      16 | 100.0
            +---------+---------+-------+---------+---------+-------
